 Seeded DCSS version 0.31-a0-609-g7bf6ffcfed (webtiles) character file.

Game seed: 3612390645625327883 (custom seed)

242 innerfire43 the Ruffian (level 6, -1/47 HPs)
             Began as a Gnoll Shapeshifter on Aug 21, 2023.
             Slain by a gnoll
             ... wielding a +0 halberd
              (11 damage)
             ... on level 4 of the Dungeon.
             The game lasted 00:02:29 (2588 turns).

innerfire43 the Ruffian (Gnoll Shapeshifter)        Turns: 2588, Time: 00:02:29

Health: -1/47      AC:  5    Str: 16    XL:     6   Next: 9%
Magic:  8/8        EV: 13    Int:  7    God:
Gold:   1163       SH:  0    Dex: 13    Spells: 8/8 levels left

rFire   . .          .
                       - Unarmed
rCold   . . .        (shield currently unavailable)
rNeg    . . .        i - +2 animal skin
rPois   .            j - +0 helmet
rElec   .            (no cloak)
rCorr   .            (no gloves)
SInv    .            (no boots)
Will    .....        (no amulet)
Stlth   +            (no ring)
HPRegen 0.27/turn    (no ring)
MPRegen 0.11/turn

%: no passive effects
@: flux-form, glowing
A: glow, contaminating, fangs 1, strong nose, distributed training
a: Begin Untransformation


You were on level 4 of the Dungeon.
You were something dangerously unstable.
You visited 1 branch of the dungeon, and saw 4 of its levels.

You collected 1163 gold pieces.

Inventory:

Armour
 a - a +0 animal skin
 i - a +2 animal skin (worn)
 j - a +0 helmet (worn)
Talismans
 c - a beast talisman
 d - a flux talisman (active)
Scrolls
 g - 3 scrolls of identify {unknown}
 h - a scroll of vulnerability {unknown}
 k - a scroll of fog {unknown}
 l - 3 scrolls of summoning {unknown}
 n - 2 scrolls of teleportation {unknown}
 r - a scroll of poison {unknown}
Potions
 b - 2 potions of lignification
 e - a potion of berserk rage {unknown}
 f - 2 potions of enlightenment {unknown}
 m - 2 potions of brilliance {unknown}
 p - 2 potions of haste {unknown}
 q - 2 potions of curing {unknown}


   Skills:
 + Level 3.1 Fighting
 + Level 1.8 Short Blades
 + Level 1.8 Long Blades
 + Level 1.8 Axes
 + Level 1.8 Maces & Flails
 + Level 1.8 Polearms
 + Level 1.8 Staves
 + Level 1.8 Ranged Weapons
 + Level 1.8 Throwing
 + Level 1.8 Armour
 + Level 4.9 Dodging
 + Level 1.8 Stealth
 + Level 1.8 Shields
 + Level 6.8 Unarmed Combat
 + Level 1.8 Spellcasting
 + Level 1.4 Conjurations
 + Level 1.4 Hexes
 + Level 1.4 Summonings
 + Level 1.4 Necromancy
 + Level 1.4 Translocations
 + Level 1.4 Transmutations
 + Level 1.4 Fire Magic
 + Level 1.4 Ice Magic
 + Level 1.4 Air Magic
 + Level 1.4 Earth Magic
 + Level 1.4 Poison Magic
 + Level 2.0 Invocations
 + Level 1.8 Evocations
 + Level 6.7 Shapeshifting


You had 8 spell levels left.
You didn't know any spells.
Your spell library contained the following spells:

 Spells                   Type           Power      Damage    Failure   Level
 Stone Arrow              Conj/Erth      4%         3d7       54%         3
 Animate Armour           Summ/Erth      4%         N/A       91%         4
 Lehudib's Crystal Spear  Conj/Erth      1%         10d2      100%        8


Dungeon Overview and Level Annotations

Branches:
Dungeon (4/15)
 Temple: D:4-7

Altars:
Gozag


Innate Abilities, Weirdness & Mutations

You are something dangerously unstable.
You glow with magical radiation, making you easy to see and hit.
Foes you strike become dangerously contaminated with magical radiation.
You are incapable of wielding weapons or throwing items.
You have very sharp teeth.
Your uncanny sense of smell can sniff out nearby items.
Your experience applies equally to all skills.


Message History

You hit the gnoll.
The gnoll glows dangerously bright.
The gnoll is moderately wounded.
The adder bites you. The gnoll closely misses you. The goblin misses you.
The gnoll misses you.
Unknown command.
You completely miss the gnoll.
The gnoll is moderately wounded.
The adder barely misses you.
A howler monkey comes into view.
The howler monkey howls!
You hit the gnoll.
The gnoll shudders as magic cascades through it!
You kill the gnoll!
You hear a shout!
The adder barely misses you.
The gnoll hits you from afar with a +0 halberd.
The goblin misses you.
The howler monkey hoots and howls with incredible vigour!
You hear a shout! x3
Unknown command.
You closely miss the adder.
The adder is heavily wounded.
The adder bites you.
The howler monkey hoots and howls with incredible vigour!
The gnoll hits you from afar with a +0 halberd.
* * * LOW HITPOINT WARNING * * *
The goblin hits you but does no damage.
You hear a shout! x2; You hear an angry hiss.
You hear a shout!
You closely miss the adder.
The adder is heavily wounded.
The adder barely misses you.
An orc comes into view. It is wielding a +0 short sword.
The gnoll hits you but does no damage. The goblin barely misses you.
Unknown command.
You hit the adder.
You kill the adder!
The goblin hits you with a +0 dagger.
* * * LOW HITPOINT WARNING * * *
The gnoll hits you from afar with a +0 halberd!
You die...

... .# .. .# .h..#
.#. #'#.####...
#.#....... #
.g.....# .#
#######g.....#..#.
.......B)....#....
....?..).!......#
......†......##
.......#.#...#
.....###.#...#
##... ..#...# ....
######.## ...#
#......# ###
#.######


You could see a howler monkey, a gnoll and a goblin.

Vanquished Creatures
  A scorpion (D:3)
  An orc wizard (D:3)
  Robin (D:2)
  7 adders
  2 gnolls (D:4)
  A worm (D:3)
  A dart slug (D:2)
  6 orcs
  3 endoplasms (D:1)
  A giant cockroach (D:2)
  6 goblins
  3 hobgoblins (D:2)
  6 jackals
  6 kobolds
  2 quokkas
  6 ball pythons
  3 bats
  12 frilled lizards
  5 rats
73 creatures vanquished.

Notes
Turn   | Place    | Note
-------+----------+-------------------------------------------
     0 | D:1      | innerfire43 the Gnoll Shapeshifter began the quest for the
                  | Orb.
     0 | D:1      | Reached XP level 1. HP: 17/17 MP: 1/1
   282 | D:1      | Found a faded altar of an unknown god.
   358 | D:1      | Reached XP level 2. HP: 19/23 MP: 2/2
   716 | D:2      | Reached XP level 3. HP: 18/28 MP: 3/3
   804 | D:2      | Reached skill level 1 in Invocations
   885 | D:2      | Reached skill level 1 in Short Blades
   885 | D:2      | Reached skill level 1 in Long Blades
   885 | D:2      | Reached skill level 1 in Axes
   885 | D:2      | Reached skill level 1 in Maces & Flails
   885 | D:2      | Reached skill level 1 in Polearms
   885 | D:2      | Reached skill level 1 in Staves
   885 | D:2      | Reached skill level 1 in Ranged Weapons
   885 | D:2      | Reached skill level 1 in Throwing
   885 | D:2      | Reached skill level 1 in Armour
   885 | D:2      | Reached skill level 1 in Stealth
   885 | D:2      | Reached skill level 1 in Shields
   885 | D:2      | Reached skill level 1 in Spellcasting
   885 | D:2      | Reached skill level 1 in Evocations
  1123 | D:2      | Reached XP level 4. HP: 31/34 MP: 5/5
  1152 | D:2      | Noticed Robin
  1167 | D:2      | Killed Robin
  1220 | D:2      | Reached skill level 1 in Conjurations
  1220 | D:2      | Reached skill level 1 in Hexes
  1220 | D:2      | Reached skill level 1 in Summonings
  1220 | D:2      | Reached skill level 1 in Necromancy
  1220 | D:2      | Reached skill level 1 in Translocations
  1220 | D:2      | Reached skill level 1 in Transmutations
  1220 | D:2      | Reached skill level 1 in Fire Magic
  1220 | D:2      | Reached skill level 1 in Ice Magic
  1220 | D:2      | Reached skill level 1 in Air Magic
  1220 | D:2      | Reached skill level 1 in Earth Magic
  1220 | D:2      | Reached skill level 1 in Poison Magic
  1740 | D:3      | Found an opulent altar of Gozag.
  2034 | D:3      | Reached XP level 5. HP: 36/40 MP: 5/7
  2513 | D:3      | Identified a scroll of acquirement
  2513 | D:3      | Acquired 1059 gold pieces
  2572 | D:4      | Reached XP level 6. HP: 43/47 MP: 8/8
  2588 | D:4      | Slain by a gnoll

Illustrated notes

Levels and vault maps discovered:
D:1:      dpeg_arrival_water_temple_mockup, layout_loops_ring,
          chequers_ecumenical_altar_simple_redux,
          hangedman_abyss_or_decor_stabs, chequers_serial_rivers_small_a,
          minmay_lizard_pond
D:2:      layout_loops_ring, minmay_3d_cube, uniq_robin
D:3:      layout_loops_corners, grunt_gozag_statues, minmay_liquid_box
D:4:      layout_basic, mainiacjoe_overflow_concentric_impassable,
          grunt_dithmenos_smoke, serial_shops, nicolae_shop_tiny_real_fake_doors

Skill      XL: |  1  2  3  4  5 |
---------------+----------------+-----
Invocations    | 1 2 |  2.0
Short Blades   | 1 |  1.8
Long Blades    | 1 |  1.8
Axes           | 1 |  1.8
Maces & Flails | 1 |  1.8
Polearms       | 1 |  1.8
Staves         | 1 |  1.8
Ranged Weapons | 1 |  1.8
Throwing       | 1 |  1.8
Armour         | 1 |  1.8
Stealth        | 1 |  1.8
Shields        | 1 |  1.8
Spellcasting   | 1 |  1.8
Evocations     | 1 |  1.8
Conjurations   | 1 |  1.4
Hexes          | 1 |  1.4
Summonings     | 1 |  1.4
Necromancy     | 1 |  1.4
Translocations | 1 |  1.4
Transmutations | 1 |  1.4
Fire Magic     | 1 |  1.4
Ice Magic      | 1 |  1.4
Air Magic      | 1 |  1.4
Earth Magic    | 1 |  1.4
Poison Magic   | 1 |  1.4
Fighting       | 3 |  3.1
Dodging        | |  4.9
Unarmed Combat | |  6.8
Shapeshifting  | |  6.7

Action                     |  1- 3 |  4- 6 || total
---------------------------+-------+-------++-------
  Melee: Unarmed           |    90 |   118 ||   208
         Bite              |     8 |     9 ||    17
    Use: Scroll            |       |     1 ||     1
 Armour: Animal skin       |    14 |    30 ||    44
  Dodge: Dodged            |    69 |    79 ||   148
   Form: Flux              |     1 |       ||     1

Table legend: (Time is in decaauts)
 A = Elapsed time spent in this place.
 B = Non-inter-level travel time spent in this place.
 C = Inter-level travel time spent in this place.
 D = Time resting spent in this place.
 E = Time spent auto-exploring this place.
 F = Levels seen in this place.
 G = Mean time per level.
                   A        B        C        D        E       F      G
               +--------+--------+--------+--------+--------+-----+--------+
         Total |   2566 |   2472 |     94 |      0 |   2053 |   4 |  641.5 |
       Dungeon |   2566 |   2472 |     94 |      0 |   2053 |   4 |  641.5 |
               +--------+--------+--------+--------+--------+-----+--------+

Top non-repeatable levels by time:
     D:2: 954 daAuts
     D:3: 883 daAuts
     D:1: 687 daAuts
     D:4: 41 daAuts
